 Seeded DCSS version 0.30.1-11-g7821555f0a (webtiles) character file.

Game seed: 5 (custom seed)

10180 Kazon the Cleaver (level 11, -6/64 HPs)
             Began as a Vampire Fighter on Oct 31, 2023.
             Was a High Priest of Makhleb.
             Mangled by Snorg (12 damage)
             ... on level 10 of the Dungeon.
             The game lasted 00:39:35 (7166 turns).

Kazon the Cleaver (Vampire Fighter)                 Turns: 7166, Time: 00:39:36

Health: -6/64      AC: 13    Str: 19    XL:     11   Next: 32%
Magic:  0/15       EV: 10    Int: 11    God:    Makhleb [*****.]
Gold:   552        SH: 16    Dex: 23    Spells: 10/10 levels left

rFire   . . .        e - +6 broad axe "Boilym" {spect, rCorr Dex+3}
rCold   + + .        c - +0 tower shield
rNeg    + + +        q - +0 steam dragon scales
rPois   ∞            j - +0 helmet
rElec   .            T - +0 cloak
rCorr   +            O - +0 pair of gloves
SInv    +            (no boots)
Will    +....        F - amulet of guardian spirit
Stlth   ++++++       P - +4 ring of protection
HPRegen 0.00/turn    y - +6 ring of dexterity
MPRegen 0.14/turn

%: guardian spirit
@: bloodless, inhibited regen
A: bloodless, fangs 3, see invisible, vampiric 2
a: Bat Form, Revivify, Renounce Religion, Minor Destruction, Lesser Servant of
Makhleb, Major Destruction, Greater Servant of Makhleb


You were on level 10 of the Dungeon.
You worshipped Makhleb.
Makhleb was extremely pleased with you.
You visited 2 branches of the dungeon, and saw 11 of its levels.
You also visited: Ossuary.

You collected 723 gold pieces.
You spent 171 gold pieces at shops.

Inventory:

Hand Weapons
 e - the +6 broad axe "Boilym" (weapon) {spect, rCorr Dex+3}
   (You acquired it on level 1 of the Dungeon)

   Dex:       It affects your dexterity (+3).
   rCorr:     It protects you from acid and corrosion.
 f - a +1 hand axe of flaming
 o - a +2 vampiric dagger
 J - a +0 vampiric war axe
 U - a +0 war axe
Missiles
 k - 16 boomerangs
 r - 2 throwing nets
 v - 13 poisoned darts
 D - 12 stones
Armour
 c - a +0 tower shield (worn)
 j - a +0 helmet (worn)
 q - +0 steam dragon scales (worn)
 O - a +0 pair of gloves (worn)
 T - a +0 cloak (worn)
Jewellery
 y - a +6 ring of dexterity (right hand)
 F - an amulet of guardian spirit (around neck)
 P - a +4 ring of protection (left hand)
Wands
 B - a wand of paralysis (8)
 Q - a wand of light (6)
 R - a wand of digging (7)
 S - a wand of polymorph (3)
 V - a wand of flame (7)
Scrolls
 g - 2 scrolls of fog {unknown}
 i - 2 scrolls of identify
 n - 2 scrolls of blinking {unknown}
 p - 2 scrolls of magic mapping {unknown}
 s - 2 scrolls of summoning {unknown}
 t - 3 scrolls of teleportation {unknown}
 A - a scroll of torment {unknown}
 C - a scroll of amnesia {unknown}
 H - a scroll of poison {unknown}
 I - 2 scrolls of enchant armour {unknown}
 M - a scroll of enchant weapon {unknown}
 N - 2 scrolls of fear {unknown}
Potions
 a - a potion of ambrosia {unknown}
 b - a potion of cancellation {unknown}
 d - a potion of might
 h - a potion of resistance {unknown}
 l - 5 potions of curing
 m - 2 potions of magic {unknown}
 u - 5 potions of flight {unknown}
 w - 2 potions of berserk rage {unknown}
 x - 2 potions of invisibility {unknown}
 z - 3 potions of heal wounds
 E - a potion of lignification {unknown}
 G - 4 potions of attraction {unknown}
 K - a potion of haste {unknown}
 L - 3 potions of brilliance {unknown}


   Skills:
 * Level 6.2 Fighting
 + Level 4.0 Short Blades
 + Level 8.6 Axes
 + Level 3.8 Throwing
 + Level 5.1 Armour
 + Level 2.5 Dodging
 + Level 8.6 Stealth
 + Level 4.2 Shields
 + Level 6.0 Invocations
 * Level 5.3 Evocations


You had 10 spell levels left.
You didn't know any spells.
Your spell library contained the following spells:

 Spells                   Type           Power      Damage    Failure   Level
 Frozen Ramparts          Ice            0%         1d1       100%        3
 Ignite Poison            Fire/Tmut/Pois 0%         N/A       100%        3
 Ice Form                 Ice/Tmut       0%         N/A       100%        4
 Sticky Flame             Conj/Fire      0%         2d3       100%        4
 Summon Ice Beast         Ice/Summ       0%         N/A       100%        4
 Alistair's Intoxication  Tmut/Pois      0%         N/A       100%        5
 Borgnjor's Vile Clutch   Necr/Erth      0%         N/A       100%        5
 Summon Forest            Summ/Tloc      0%         N/A       100%        5
 Eringya's Noxious Bog    Tmut/Pois      0%         N/A       100%        6
 Summon Hydra             Summ           0%         N/A       100%        7
 Ignition                 Fire           0%         3d3       100%        8


Dungeon Overview and Level Annotations

Branches:
Dungeon (10/15)            Temple (1/1) D:4            Lair (0/5) D:8
Ossuary (visited)
    Orc: D:9-12

Altars:
Dithmenos
Fedhas
Gozag
Hepliaklqana
Makhleb
Okawaru
Qazlal
Wu Jian
Xom

Shops:
D:8 *

Annotations:
D:10 Snorg


Innate Abilities, Weirdness & Mutations

You do not regenerate when monsters are visible.
You are frail without blood (-20% HP).
You can heal yourself when you bite living creatures.
You are immune to poison.
You have razor-sharp teeth.
You have supernaturally acute eyesight. (SInv)
You are afflicted with vampirism and can become a bat while bloodless.


Message History

Your +6 broad axe "Boilym" {spect, rCorr Dex+3} hits Snorg!
Snorg bites your +6 broad axe "Boilym" {spect, rCorr Dex+3}!
Your spectral weapon shares its damage with you!
Snorg misses your +6 broad axe "Boilym" {spect, rCorr Dex+3}. x4
Snorg claws your +6 broad axe "Boilym" {spect, rCorr Dex+3} but does no damage.
Unknown command.
A demon appears!
Your +6 broad axe "Boilym" {spect, rCorr Dex+3} disappears.
Snorg shouts!
You slash Snorg!
Snorg is heavily wounded.
Your +6 broad axe "Boilym" {spect, rCorr Dex+3} hits Snorg!
You block Snorg's attack. x2; Snorg claws you.
You block Snorg's attack. Snorg claws you. You block Snorg's attack.
Unknown command.
You closely miss Snorg.
Snorg is severely wounded.
Your +6 broad axe "Boilym" {spect, rCorr Dex+3} hits Snorg!!
You block Snorg's attack. Snorg closely misses you.
Snorg completely misses you. You block Snorg's attack. x3
Your orange demon barely misses Snorg.
Snorg closely misses you. Snorg barely misses you. Snorg claws you!
* * * LOW HITPOINT WARNING * * *
Your orange demon stings Snorg from afar!
You feel better.
Your +6 broad axe "Boilym" {spect, rCorr Dex+3} disappears.
Snorg barely misses you. Snorg claws you but does no damage. Snorg claws you!
* * * LOW HITPOINT WARNING * * *
Your orange demon closely misses Snorg.
You catch the helpless Snorg completely off-guard!
You bite Snorg, and draw her blood!
You feel better.
You hit Snorg. You bite Snorg.
Snorg is almost dead.
Your +6 broad axe "Boilym" {spect, rCorr Dex+3} hits Snorg.
Snorg is no longer blind.
Snorg shouts!
You block Snorg's attack. x2; Snorg claws you!
* * * LOW HITPOINT WARNING * * *
Snorg bites you but does no damage. You block Snorg's attack. Snorg claws you!
You die...

#....................
......................
......................
...................#
..................#
#...............#
#...............###
#4................#
#(@######.........#
#T.# #.#####...# ..#
#..# #.# #...# #####.#
#..# #.# #...# ....#.#
...# #.# #...# ....#.#
##.## #.# #...#
....#.# ## #.# #...#
....#.### #.# #...#
....#...# #.# #...#


You could see Snorg (berserk, ally target), a friendly orange demon (summoned)
and a friendly +6 broad axe "Boilym" {spect, rCorr Dex+3}.

Vanquished Creatures
  2 two-headed ogres
  2 polar bears (D:8)
  A hornet (D:9)
  3 shadows
  Sigmund (D:4)
  3 vampires
  A wyvern (D:8)
  A yak (D:8)
  3 basilisks (D:8)
  A steam dragon (D:8)
  2 vampire mosquitoes (D:10)
  Duvessa (D:6)
  6 water moccasins
  An ice beast (D:8)
  An orc warrior (D:9)
  A sky beast (D:7)
  5 black bears
  3 wolves (D:8)
  5 centaurs
  2 ogres
  An elf zombie (Ossuary)
  2 kobold brigands
  A bullfrog (D:8)
  A gnoll sergeant (D:8)
  3 scorpions
  20 wights
  8 killer bees
  Dowan (D:6)
  4 howler monkeys
  A vampire bat (D:7)
  An electric eel (D:8)
  6 hounds
  A wyvern simulacrum (D:8)
  A centaur zombie (Ossuary)
  5 orc priests
  3 human zombies (Ossuary)
  A jelly (D:5)
  6 iguanas
  11 orc wizards
  4 ogre zombies (Ossuary)
  A centaur simulacrum (D:8)
  7 mummies (Ossuary)
  11 gnolls
  9 adders
  A shadow imp (D:8)
  A white imp (D:7)
  2 ufetubi
  A worm zombie (D:7)
  2 adder zombies (Ossuary)
  3 worms
  28 orcs
  12 bats
  9 endoplasms
  A giant cockroach (D:1)
  12 goblins
  7 hobgoblins
  11 jackals
  15 kobolds
  3 quokkas (D:4)
  6 ball pythons
  3 frilled lizards
  4 goblin zombies (Ossuary)
  6 hobgoblin zombies
  3 kobold zombies
  4 quokka zombies (Ossuary)
  4 rats
  4 rat zombies (Ossuary)
296 creatures vanquished.

Vanquished Creatures (collateral kills)
  Maurice (D:9)
1 creature vanquished.

Grand Total: 297 creatures vanquished

Notes
Turn   | Place    | Note
-------+----------+-------------------------------------------
     0 | D:1      | Kazon the Vampire Fighter began the quest for the Orb.
     0 | D:1      | Reached XP level 1. HP: 17/17 MP: 1/1
    34 | D:1      | Identified a scroll of acquirement
    34 | D:1      | Acquired the +6 broad axe "Boilym" {spect, rCorr Dex+3}
    68 | D:1      | Reached XP level 2. HP: 23/23 MP: 2/2
   122 | D:1      | Reached skill level 1 in Stealth
   406 | D:1      | Gained mutation: You are afflicted with vampirism and can
                  | become a bat while bloodless. [Vampire growth]
   406 | D:1      | Reached XP level 3. HP: 28/28 MP: 3/3
   974 | D:2      | Reached XP level 4. HP: 35/35 MP: 4/4
  1501 | D:3      | Found a blossoming altar of Fedhas.
  1658 | D:3      | Found a stormy altar of Qazlal.
  1805 | D:3      | Found a faded altar of an unknown god.
  1826 | D:3      | Identified the +2 sling "Qeuhanocyt" {speed, rElec Str-3
                  | Dex+2}
  1891 | D:4      | Found a staircase to the Ecumenical Temple.
  1899 | Temple   | Entered the Ecumenical Temple
  1916 | Temple   | Became a worshipper of Makhleb the Destroyer
  2005 | D:4      | Noticed a black bear
  2009 | D:4      | Reached skill level 1 in Throwing
  2020 | D:4      | Killed a black bear
  2021 | D:4      | Reached XP level 5. HP: 36/41 MP: 5/5
  2026 | D:4      | Noticed Sigmund
  2032 | D:4      | Killed Sigmund
  2033 | D:4      | Reached skill level 1 in Dodging
  2033 | D:4      | Reached skill level 1 in Invocations
  2033 | D:4      | Reached XP level 6. HP: 35/47 MP: 7/7
  2058 | D:4      | Found a hazy altar of Hepliaklqana.
  2060 | D:4      | Found a shadowy altar of Dithmenos.
  2061 | D:4      | Noticed a shadow
  2296 | D:4      | Reached XP level 7. HP: 52/52 MP: 8/8
  2671 | D:5      | Entered Level 5 of the Dungeon
  2717 | D:5      | Reached skill level 1 in Evocations
  2851 | D:5      | Reached * piety under Makhleb
  3038 | D:5      | Reached skill level 5 in Axes
  3141 | D:6      | Reached XP level 8. HP: 25/46 MP: 9/9
  3160 | D:6      | Reached skill level 1 in Short Blades
  3241 | D:6      | Found a shimmering altar of Xom.
  3497 | D:6      | Noticed Duvessa
  3497 | D:6      | Noticed Dowan
  3503 | D:6      | Killed Duvessa
  3505 | D:6      | Killed Dowan
  3610 | D:7      | Reached ** piety under Makhleb
  3703 | D:7      | Reached XP level 9. HP: 52/52 MP: 11/11
  3706 | D:7      | Found a sand-covered staircase.
  3760 | Ossuary  | Entered an ossuary
  3799 | Ossuary  | Reached *** piety under Makhleb
  4102 | Ossuary  | Reached skill level 5 in Stealth
  4377 | D:7      | Noticed a two-headed ogre
  4509 | D:7      | Killed a two-headed ogre
  4561 | D:7      | Reached **** piety under Makhleb
  4697 | D:7      | Reached XP level 10. HP: 53/58 MP: 13/13
  5154 | D:8      | Reached skill level 5 in Fighting
  5160 | D:8      | Reached skill level 5 in Armour
  5307 | D:8      | Found a staircase to the Lair.
  5372 | D:8      | Found Izo Qiri's Assorted Antiques.
  5383 | D:8      | Bought a scroll labelled JIYFIZX FOFUA for 29 gold pieces
  5383 | D:8      | Bought a sedimented brown potion for 26 gold pieces
  5383 | D:8      | Bought a curved iron wand for 116 gold pieces
  5400 | D:8      | Reached skill level 5 in Invocations
  5776 | D:8      | Reached ***** piety under Makhleb
  6327 | D:9      | Reached XP level 11. HP: 64/64 MP: 15/15
  6346 | D:9      | Reached skill level 5 in Evocations
  6612 | D:9      | Noticed Maurice
  6630 | D:9      | Killed Maurice
  6811 | D:10     | Entered Level 10 of the Dungeon
  6887 | D:10     | Noticed a two-headed ogre
  6891 | D:10     | Killed a two-headed ogre
  7150 | D:10     | Noticed Snorg
  7166 | D:10     | Mangled by Snorg

Illustrated notes

Levels and vault maps discovered:
D:1:      ebering_trefoil_3fold, layout_basic, st_stairs_14, serial_bayou_ford_a
D:2:      layout_basic, hangedman_decor_growths, minmay_close_crescents
D:3:      layout_rooms, mainiacjoe_overflow_concentric_impassable,
          mainiacjoe_overflow_paths, shapermc_ecumenical_altar_acropolis,
          chequers_serial_rivers_micro_b
D:4:      layout_basic, riverfiend_overflow_shadow_ancestor,
          minmay_temple_entry_glass, uniq_sigmund
D:5:      layout_gridville
D:6:      layout_basic, xom_teletrap_fun, uniq_duvessa
D:7:      layout_loops_ring, enter_ossuary_3, roderic_batcave
D:8:      layout_layer_cave, minmay_lair_entry_grove, serial_shops,
          nicolae_lakefront_shop, serial_ice, serial_ice_o, serial_ice_d,
          serial_ice_k, serial_ice_a
D:9:      layout_loops_ring, nicolae_wwwww, uniq_maurice
D:10:     layout_irregular_city, led_sif_pool, uniq_snorg
Temple:   nicolae_temple_elliptical

Skill      XL: |  1  2  3  4  5  6  7  8  9 10 11 |
---------------+----------------------------------+-----
Stealth        | 1 2 3 4 6 8 |  8.6
Axes           | 2 3 4 5 6 7 8 |  8.6
Fighting       | 3 4 5 6 |  6.2
Armour         | 3 4 5 |  5.1
Throwing       | 1 2 3 |  3.8
Dodging        | 1 2 |  2.5
Shields        | 3 4 |  4.2
Invocations    | 1 2 3 4 6 |  6.0
Evocations     | 1 2 3 4 5 |  5.3
Short Blades   | 3 4 |  4.0

Action                     |  1- 3 |  4- 6 |  7- 9 | 10-12 || total
---------------------------+-------+-------+-------+-------++-------
  Melee: War axe           |     7 |       |       |       ||     7
         Broad axe         |    53 |    56 |   209 |   171 ||   489
         Bite              |     1 |     3 |    25 |    25 ||    54
  Throw: Stone             |       |     3 |    46 |    12 ||    61
         Dart              |       |     1 |    21 |    10 ||    32
         Boomerang         |       |       |     9 |       ||     9
 Invoke: Minor Destruction |       |       |       |    49 ||    49
         Lesser Servant of |       |       |       |     2 ||     2
Ability: Exsanguinate      |       |       |     1 |       ||     1
  Evoke: Wand              |       |       |       |     1 ||     1
    Use: Scroll            |     2 |       |       |     3 ||     5
         Potion            |       |       |       |     4 ||     4
   Stab: Distracted        |       |     1 |     5 |     3 ||     9
         Sleeping          |       |     1 |    26 |    16 ||    43
         Invisible         |       |       |       |     1 ||     1
 Armour: Scale mail        |    22 |    20 |    72 |    12 ||   126
         Steam dragon scal |       |       |       |    25 ||    25
  Dodge: Dodged            |    20 |    18 |    80 |    59 ||   177
  Block: Buckler           |    12 |    10 |    44 |    10 ||    76
         Tower shield      |       |       |       |   113 ||   113
